 Dungeon Crawl Stone Soup version 0.32-a0-643-ga006e7742e (webtiles) character file.

Game seed: 5697977024021013275

30414 ytrimaz the Skirmisher (level 13, -31/115 HPs)
             Began as a Coglin Hunter on Mar 8, 2024.
             Was a Believer of Ashenzari.
             Annihilated by a white ugly thing (34 damage)
             ... on level 14 of the Dungeon.
             The game lasted 00:18:54 (11944 turns).

ytrimaz the Skirmisher (Coglin Hunter)             Turns: 11944, Time: 00:18:54

Health: -31/115    AC: 10    Str: 11    XL:     13   Next: 51%
Magic:  13/13      EV: 15    Int:  9    God:    Ashenzari [**....]
Gold:   790        SH:  0    Dex: 26    Spells: 12/12 levels left

rFire   . . .        a - +2 sling (chaos) {Inhapi}
rCold   . . .        u - +3 hand cannon (flame) {Dietrich}
rNeg    . . .        E - +0 troll leather armour of the Tethered Sphere {Regen+, Melee, Range} (curse)
rPois   .            (no helmet)
rElec   .            s - +0 cloak "Tethered Syndicalism" {Self, Elem} (curse)
rCorr   .            C - +0 pair of gloves "Chained Idealism" {Fort, Self} (curse)
SInv    +            N - +2 pair of boots "Hum Beuh" {Dex+3}
Will    .....        (amulet unavailable)
Stlth   ++           (ring unavailable)
HPRegen 1.19/turn    (ring unavailable)
MPRegen 0.13/turn    (no gizmo)

%: no passive effects
@: revved
A: off-hand wielding, slow wielding, warmup strikes, no jewellery
a: Invent Gizmo, Renounce Religion, Shatter the Chains


You were on level 14 of the Dungeon.
You worshipped Ashenzari.
Ashenzari was pleased with you.
You visited 2 branches of the dungeon, and saw 15 of its levels.

You collected 790 gold pieces.


Innate Abilities, Weirdness & Mutations

You can wield a second weapon in your off-hand.
It takes a long time for you to wield or remove held weapons.
Your first few attacks do less damage.
You cannot equip rings or amulets.


   Skills:
 - Level 13.3(15.0) Fighting
 + Level 14.6(15.6) Ranged Weapons
 + Level 8.2(9.4) Armour
 + Level 4.9 Dodging
 - Level 0.7 Stealth


You had 12 spell levels left.
You didn't know any spells.
Your spell library contained the following spells:

 Spells                   Type           Power      Damage    Failure   Level
 Magic Dart               Conj           0%         1d3       45%         1
 Slow                     Hex            0%         N/A       45%         1
 Scorch                   Fire           0%         2d5       56%         2
 Searing Ray              Conj           0%         2d4       58%         2
 Confusing Touch          Hex            0%         N/A       83%         3
 Sigil of Binding         Hex            0%         N/A       83%         3
 Vampiric Draining        Necr           0%         2d6       83%         3
 Anguish                  Hex/Necr       0%         N/A       99%         4
 Brom's Barrelling Bould  Conj/Erth      0%         2d3       99%         4
 Cause Fear               Hex            0%         N/A       99%         4
 Flame Wave               Conj/Fire      0%         2d4       99%         4
 Fulminant Prism          Conj/Alch      0%         3d5       99%         4
 Leda's Liquefaction      Alch/Erth      0%         N/A       99%         4
 Fireball                 Conj/Fire      0%         3d3       100%        5
 Iskenderun's Battlesphe  Conj           0%         2d6       100%        5
 Lee's Rapid Deconstruct  Erth           0%         3d4*      100%        5
 Bombard                  Conj/Erth      0%         9d1       100%        6
 Conjure Ball Lightning   Conj/Air       0%         3x3d6     100%        6
 Summon Cactus Giant      Summ           0%         N/A       100%        6
 Enfeeble                 Hex            0%         N/A       100%        7
 Orb of Destruction       Conj           0%         9d5       100%        7

Inventory:

Hand Weapons
 a - a +2 sling of chaos (weapon) {Inhapi}
 d - a +0 sling of electrocution {Uttamveer}
 u - a +3 hand cannon of flaming (offhand) {Dietrich}
   (You acquired it on level 5 of the Dungeon)
Missiles
 r - a throwing net
Armour
 f - the +0 plate armour of Courage {Regen+}
   (You found it on level 4 of the Dungeon)

   Regen+:    It increases your rate of health regeneration.
 q - a +3 leather armour of positive energy
   (You found it on level 2 of the Dungeon)
 s - the cursed +0 cloak "Tethered Syndicalism" (worn) {Self, Elem}
   (You found it on level 4 of the Dungeon)

   It has a curse which improves the following skills: Introspection: Fighting
   and Spellcasting.
   Elements:  Fire Magic, Ice Magic, Air Magic and Earth Magic.
 C - the cursed +0 pair of gloves "Chained Idealism" (worn) {Fort, Self}
   (You found it on level 8 of the Dungeon)

   It has a curse which improves the following skills: Fortitude: Armour and
   Shields.
   Introspection: Fighting and Spellcasting.
 D - +0 acid dragon scales
   (You found it on level 9 of the Dungeon)
 E - the cursed +0 troll leather armour of the Tethered Sphere (worn) {Regen+, Melee, Range}
   (You found it on level 10 of the Dungeon)

   Regen+:    It increases your rate of health regeneration.
   It has a curse which improves the following skills: Melee Combat: Short
   Blades, Long Blades, Axes, Maces & Flails, Polearms, Staves and Unarmed
   Combat.
   Ranged Combat: Ranged Weapons and Throwing.
 N - the +2 pair of boots "Hum Beuh" (worn) {Dex+3}
   (You found it on level 13 of the Dungeon)

   Dex+3:     It affects your dexterity (+3).
Wands
 k - a wand of digging (9)
   (You found it on level 4 of the Dungeon)
 A - a wand of mindburst (5)
   (You found it on level 5 of the Dungeon)
 F - a wand of paralysis (8)
   (You found it on level 10 of the Dungeon)
 I - a wand of roots (1)
   (You found it on level 14 of the Dungeon)
 K - a wand of polymorph (7)
   (You found it on level 13 of the Dungeon)
 L - a wand of light (5)
   (You found it on level 13 of the Dungeon)
Scrolls
 b - a scroll of butterflies
 e - 4 scrolls of teleportation
 m - 5 scrolls of fear
 n - a scroll of torment
 p - 3 scrolls of noise
 t - 2 scrolls of fog
 v - a scroll of immolation
 y - 2 scrolls of poison
 B - 2 scrolls of enchant armour
 H - 2 scrolls of revelation
 J - 2 scrolls of vulnerability
 M - 2 scrolls of brand weapon
Potions
 c - 2 potions of heal wounds
 g - 3 potions of berserk rage
 h - 2 potions of attraction
 i - 4 potions of mutation
 j - 2 potions of curing
 l - a potion of might
 o - 2 potions of lignification
 w - a potion of degeneration
 x - a potion of ambrosia
 z - a potion of haste
 G - 2 potions of enlightenment

Dungeon Overview and Level Annotations

Branches:
Dungeon (14/15) Zot: 26650  Temple (1/1) D:6 Zot: 5956    Lair (0/5) D:10
    Orc (0/2) D:10         Vaults (0/5) D:13

Altars:
Ashenzari
Cheibriados
Dithmenos
Elyvilon
Fedhas
Gozag
Hepliaklqana
Kikubaaqudgha
Makhleb
Nemelex Xobeh
Okawaru
Qazlal
Ru
Sif Muna
Trog
Uskayaw
Vehumet
Wu Jian
Xom
Yredelemnul
Zin
The Shining One

Shops:
D:12 :

Annotations:
Temple 2 transporters

####..................#
......................#
...######.............#
...# #...#########.#
...# #...# #.# ...#
#^..# #.# ...# #...#
#.#
...######...#########.#
.............††u@°....#
.....#####.†.##########
###..# #...# #..# #...#
#..#####...#
###..........#
..............
####..........
#..#######


You could see a white ugly thing (fast).


Message History

You shoot a sling bullet.
The sling bullet barely misses the white ugly thing.
The sling bullet hits the white ugly thing!
The red ugly thing basks in the mutagenic energy from its kin and changes!
Unknown command.
You shoot a sling bullet.
The sling bullet hits the white ugly thing!
The sling bullet burns the white ugly thing.
You shoot a slug. The slug hits the white ugly thing.
The slug burns the white ugly thing.
You shoot a sling bullet.
The sling bullet barely misses the white ugly thing.
The sling bullet hits the white ugly thing!
You shoot a slug.
The slug barely misses the white ugly thing.
The slug hits the white ugly thing!
The slug burns the white ugly thing.
You kill the white ugly thing!
Unknown command.
You shoot a slug. The slug hits the white ugly thing!
The slug burns the white ugly thing.
You shoot a sling bullet.
The sling bullet hits the white ugly thing.
The white ugly thing is poisoned.
You shoot a slug. The slug hits the white ugly thing!!
The slug burns the white ugly thing!
You kill the white ugly thing!
You shoot a sling bullet.
The sling bullet hits the white ugly thing!
The white ugly thing basks in the mutagenic energy from its kin and changes!
Unknown command.
You shoot a sling bullet.
The sling bullet hits the purple ugly thing!
You shoot a slug.
The slug barely misses the purple ugly thing.
The slug completely misses the white ugly thing.
You shoot a slug. The slug hits the purple ugly thing!
The slug burns the purple ugly thing.
You shoot a sling bullet.
The sling bullet closely misses the purple ugly thing.
The sling bullet hits the white ugly thing.
The white ugly thing seems to speed up.
You shoot a sling bullet.
The sling bullet hits the purple ugly thing!
The sling bullet freezes the purple ugly thing.
You shoot a slug. The slug hits the purple ugly thing!!
The slug burns the purple ugly thing.
You kill the purple ugly thing!
You shoot a sling bullet.
The sling bullet hits the white ugly thing.
You shoot a slug.
The slug completely misses the white ugly thing.
Unknown command.
You shoot a sling bullet.
The sling bullet barely misses the white ugly thing.
You shoot a slug.
The slug closely misses the white ugly thing.
The white ugly thing tail-slaps you.
The white ugly thing freezes you!! 😮 HP[-33]
You take 33 damage, and now have 82/115 hp.
MASSIVE DAMAGE!! (PAUSE)
You are too injured to fight recklessly!
You are too injured to fight recklessly!
Unknown command.
Unknown command.
Fire: a) +2 sling (chaos) {Inhapi}
Press: ? - help, Q - select action, (/) - cycle Shift-Dir - straight line, f/p - white ugly thing
Aim: a white ugly thing (magical condensation, lightly wounded, fast, 75% to hit)
You shoot a slug.
The slug hits the white ugly thing but does no damage.
You shoot a sling bullet.
The sling bullet completely misses the white ugly thing.
The white ugly thing closely misses you.
The white ugly thing tail-slaps you.
The white ugly thing freezes you!! 😮 HP[-20]
You take 20 damage, and now have 62/115 hp.
Fire: a) +2 sling (chaos) {Inhapi}
Press: ? - help, Q - select action, (/) - cycle Shift-Dir - straight line, f/p - white ugly thing
Aim: a white ugly thing (magical condensation, lightly wounded, fast, 75% to hit)
You shoot a sling bullet.
The sling bullet hits the white ugly thing!
You shoot a slug.
The slug closely misses the white ugly thing.
The white ugly thing tail-slaps you!
* * * LOW HITPOINT WARNING * * *
The white ugly thing freezes you!!
* * * LOW HITPOINT WARNING * * *
Fire: a) +2 sling (chaos) {Inhapi}
Press: ? - help, Q - select action, (/) - cycle Shift-Dir - straight line, f/p - white ugly thing
Aim: a white ugly thing (magical condensation, lightly wounded, fast, 75% to hit)
You shoot a sling bullet.
The sling bullet hits the white ugly thing.
You shoot a slug. The slug hits the white ugly thing!!
The slug burns the white ugly thing!
You hear a roar!
The white ugly thing tail-slaps you!
* * * LOW HITPOINT WARNING * * *
The white ugly thing freezes you!!
* * * LOW HITPOINT WARNING * * *
The white ugly thing tail-slaps you.
* * * LOW HITPOINT WARNING * * *
The white ugly thing freezes you!!
You die...

Skill      XL: |  1  2  3  4  5  6  7  8  9 10 11 12 13 |
---------------+----------------------------------------+-----
Ranged Weapons | 4 5 6 8 9 11 12 14 | 14.6
Fighting       | 3 4 5 6 8 10 11 13 | 13.3
Armour         | 3 7 8 |  8.2
Dodging        | 2 4 |  4.9
Stealth        | |  0.7

Action                     |  1- 3 |  4- 6 |  7- 9 | 10-12 | 13-15 || total
---------------------------+-------+-------+-------+-------+-------++-------
   Fire: Sling             |   172 |   140 |   179 |   351 |    95 ||   937
         Hand cannon       |       |       |   129 |   351 |    95 ||   575
 Invoke: Curse Item        |       |       |       |     4 |       ||     4
         Shatter the Chain |       |       |       |       |     1 ||     1
    Use: Scroll            |       |    14 |     6 |     4 |     2 ||    26
         Potion            |       |       |       |     3 |     2 ||     5
 Armour: Leather armour    |    10 |     6 |    24 |     5 |       ||    45
         Plate armour      |       |    12 |       |       |       ||    12
         Acid dragon scale |       |       |       |    39 |       ||    39
         Troll leather arm |       |       |       |   117 |    27 ||   144
  Dodge: Dodged            |    15 |    12 |    10 |    95 |    22 ||   154

Levels and vault maps discovered:
D:1:      dpeg_arrival_leaves_temple_mockup, layout_loops_ring
D:2:      layout_basic, hellmonk_ecumenical_altar_leap_of_faith,
          corner_web_ring, minmay_pentomino_p4
D:3:      layout_basic, mainiacjoe_overflow_concentric_impassable, minivault_5,
          minmay_vboxes
D:4:      layout_basic
D:5:      layout_loops_ring, zin_angel, mainiacjoe_overflow_paths,
          glass_columns_c
D:6:      layout_basic, mainiacjoe_overflow_boulevard,
          minmay_temple_entry_enclosed_plants, minivault_22, minivault_5
D:7:      layout_rooms, uniq_duvessa
D:8:      layout_cave_pools, uniq_prince_ribbit1
D:9:      layout_irregular_city, minitemple, kennysheep_generic_room_10
D:10:     layout_rooms, due_lair_maze_entry_diamond, orc_0_dummy
D:11:     layout_long_grid
D:12:     layout_cave_pools, serial_shops, nicolae_diamond_shop,
          beargit_elvish_explorers, uniq_kirke
D:13:     layout_cave_pods, grunt_vaults_entry_tiered
D:14:     layout_long_grid, minmay_parallelograms, uniq_rupert
Temple:   hellmonk_temple_divided_pantheon

Notes
Turn   | Place    | Note
-------+----------+-------------------------------------------
     0 | D:1      | ytrimaz the Coglin Hunter began the quest for the Orb.
     0 | D:1      | Reached XP level 1. HP: 16/16 MP: 1/1
     0 | D:1      | magus.rc [v1.9.6]
   193 | D:1      | Reached XP level 2. HP: 23/23 MP: 2/2
   346 | D:1      | Reached skill level 4 in Ranged Weapons
   873 | D:2      | Reached XP level 3. HP: 28/28 MP: 3/3
   922 | D:2      | Found a faded altar of an unknown god.
  1062 | D:2      | Reached skill level 3 in Fighting
  1202 | D:2      | Identified the amulet "Soraamnutt" {rPois RegenMP+ rCorr}
  2197 | D:3      | Reached XP level 4. HP: 35/35 MP: 4/4
  2241 | D:3      | Found a basalt altar of Yredelemnul.
  2959 | D:4      | Reached XP level 5. HP: 42/42 MP: 5/5
  3128 | D:4      | Identified the +0 plate armour of Courage {Regen+}
  3240 | D:4      | You pick up a book of Debilitation and begin reading...
  3240 | D:4      | You add the spells Slow, Sigil of Binding, Vampiric
                  | Draining and Confusing Touch to your library.
  3287 | D:4      | Reached skill level 4 in Fighting
  3288 | D:4      | Reached skill level 5 in Ranged Weapons
  3425 | D:4      | Noticed an ogre
  3428 | D:4      | Killed an ogre
  3429 | D:4      | Reached XP level 6. HP: 50/50 MP: 6/6
  3816 | D:5      | Entered Level 5 of the Dungeon
  3878 | D:5      | Found a bloodstained altar of Trog.
  3997 | D:5      | Noticed a black bear
  3999 | D:5      | Reached skill level 5 in Fighting
  4004 | D:5      | Killed a black bear
  4005 | D:5      | Reached XP level 7. HP: 56/56 MP: 7/7
  4045 | D:5      | Reached skill level 6 in Ranged Weapons
  4276 | D:5      | Found a glowing silver altar of Zin.
  4276 | D:5      | Noticed an angel
  4466 | D:5      | Identified a scroll of acquirement
  4466 | D:5      | Acquired a +2 hand cannon of flaming
  4601 | D:6      | Reached skill level 6 in Fighting
  4720 | D:6      | Reached XP level 8. HP: 65/65 MP: 8/8
  4742 | D:6      | Found a staircase to the Ecumenical Temple.
  4748 | D:6      | Reached skill level 7 in Ranged Weapons
  4749 | D:6      | Reached skill level 7 in Fighting
  5248 | D:6      | Found a shadowy altar of Dithmenos.
  5409 | Temple   | Found a transporter.
  5409 | Temple   | Found a transporter.
  5409 | Temple   | Found a transporter.
  5409 | Temple   | Found a transporter.
  5409 | Temple   | Entered the Ecumenical Temple
  5437 | Temple   | Became a worshipper of Ashenzari the Shackled
  5644 | D:7      | Noticed Duvessa
  5645 | D:7      | Noticed Dowan
  5649 | D:7      | Killed Duvessa
  5653 | D:7      | Killed Dowan
  5654 | D:7      | Reached skill level 8 in Ranged Weapons
  5950 | D:7      | You pick up a book of the Spheres and begin reading...
  5950 | D:7      | You add the spells Brom's Barrelling Boulder, Iskenderun's
                  | Battlesphere, Fireball, Conjure Ball Lightning and Orb of
                  | Destruction to your library.
  5968 | D:8      | Reached skill level 8 in Fighting
  5972 | D:7      | Reached XP level 9. HP: 67/74 MP: 9/9
  6081 | D:8      | Noticed Prince Ribbit
  6085 | D:8      | Killed Prince Ribbit
  6085 | D:8      | Noticed a hornet
  6124 | D:8      | Paralysed by a hornet for 3 turns
  6128 | D:8      | Killed a hornet
  6129 | D:8      | Reached skill level 9 in Fighting
  6129 | D:8      | Reached skill level 9 in Ranged Weapons
  6326 | D:8      | You pick up a book of the Earth and begin reading...
  6326 | D:8      | You add the spells Leda's Liquefaction, Lee's Rapid
                  | Deconstruction and Bombard to your library.
  6747 | D:9      | Reached skill level 10 in Fighting
  6747 | D:9      | Reached XP level 10. HP: 85/85 MP: 10/10
  6762 | D:9      | Found a hide-covered altar of Uskayaw.
  6776 | D:9      | Found a snail-covered altar of Cheibriados.
  6777 | D:9      | Found an iron altar of Okawaru.
  6777 | D:9      | Found an ornate altar of the Wu Jian Council.
  6782 | D:9      | Found an opulent altar of Gozag.
  7011 | D:9      | Reached skill level 10 in Ranged Weapons
  7167 | D:9      | Reached * piety under Ashenzari
  7167 | D:9      | Reached ** piety under Ashenzari
  7665 | D:10     | Entered Level 10 of the Dungeon
  7665 | D:10     | Found a staircase to the Orcish Mines.
  7784 | D:10     | Reached skill level 11 in Fighting
  7864 | D:10     | Found a staircase to the Lair.
  7965 | D:10     | Reached skill level 11 in Ranged Weapons
  8022 | D:10     | Reached XP level 11. HP: 96/98 MP: 11/11
  8031 | D:10     | Reached skill level 12 in Fighting
  8178 | D:10     | You pick up a book of Hexes and begin reading...
  8178 | D:10     | You add the spells Anguish, Cause Fear and Enfeeble to your
                  | library.
  8560 | D:11     | You pick up a book of Conjurations and begin reading...
  8560 | D:11     | You add the spells Magic Dart, Searing Ray and Fulminant
                  | Prism to your library.
  8988 | D:11     | Noticed a cyclops
  8990 | D:11     | Killed a cyclops
  9068 | D:11     | Reached skill level 12 in Ranged Weapons
  9404 | D:12     | Found Quoceiti's Book Boutique.
  9431 | D:12     | Reached skill level 1 in Armour
  9445 | D:12     | Noticed a cyclops
  9637 | D:12     | Reached skill level 13 in Fighting
  9641 | D:12     | Killed a cyclops
  9642 | D:12     | Reached skill level 2 in Armour
  9720 | D:12     | Noticed Kirke
  9725 | D:12     | Reached skill level 3 in Armour
  9729 | D:12     | Reached XP level 12. HP: 87/108 MP: 12/12
  9732 | D:12     | Killed Kirke
  9760 | D:12     | You pick up a book of Scorching and begin reading...
  9760 | D:12     | You add the spells Scorch, Flame Wave and Summon Cactus
                  | Giant to your library.
 10038 | D:12     | Noticed a deep elf knight
 10087 | D:12     | Reached skill level 4 in Armour
 10088 | D:12     | Killed a deep elf knight
 10089 | D:12     | Reached skill level 13 in Ranged Weapons
 10091 | D:12     | HP: 11/109 [deep elf archer/arrow (21)]
 10092 | D:12     | HP: 5/109 [deep elf archer/arrow (7)]
 10352 | D:13     | Identified the +2 pair of boots "Hum Beuh" {Dex+3}
 10397 | D:13     | Noticed an eight-headed hydra
 10399 | D:13     | Reached skill level 5 in Armour
 10399 | D:13     | an eight-headed hydra changed into a skyshark
 10399 | D:13     | Noticed a skyshark
 10406 | D:13     | Killed a skyshark
 10757 | D:13     | Reached *** piety under Ashenzari
 10766 | D:13     | Reached skill level 6 in Armour
 10870 | D:13     | Noticed a centaur warrior
 10873 | D:13     | Killed a centaur warrior
 10900 | D:13     | Identified the +0 leather armour of the Saviour {Int+3}
 10913 | D:13     | HP: 27/110 [human simulacrum[a necromancer] (16)]
 10919 | D:13     | HP: 26/110 [human (2)]
 11022 | D:13     | Reached skill level 2 in Dodging
 11025 | D:13     | Reached skill level 14 in Ranged Weapons
 11028 | D:13     | Reached skill level 7 in Armour
 11028 | D:13     | Reached XP level 13. HP: 116/116 MP: 13/13
 11055 | D:13     | Found a gate to the Vaults.
 11055 | D:13     | Noticed a vault guard
 11055 | D:13     | Noticed a vault guard
 11055 | D:13     | Noticed a vault guard
 11059 | D:13     | Killed a vault guard
 11060 | D:13     | Reached skill level 3 in Dodging
 11215 | D:13     | Killed a vault guard
 11235 | D:13     | Killed a vault guard
 11686 | D:14     | Reached skill level 4 in Dodging
 11729 | D:14     | Noticed Rupert
 11741 | D:14     | Killed Rupert
 11858 | D:14     | Reached skill level 8 in Armour
 11944 | D:14     | HP: 7/115 [white ugly thing (23)]
 11944 | D:14     | HP: 3/115 [white ugly thing (4)]
 11944 | D:14     | Annihilated by a white ugly thing

Vanquished Creatures
  Rupert (D:14)
  Kirke (D:12)
  3 vault guards (D:13)
  2 centaur warriors
  A two-headed ogre (D:13)
  A deep elf knight (D:12)
  A skyshark (D:13)
  An arcanist (D:13)
  A deep elf archer (D:12)
  3 necromancers (D:13)
  A deep elf pyromancer (D:13)
  5 cyclopes
  6 ugly things
  A manticore (D:13)
  2 elephants (D:12)
  A gargoyle (D:12)
  An unseen horror (D:11)
  A komodo dragon (D:10)
  3 kobold demonologists
  2 hornets
  2 trolls
  Prince Ribbit (D:8)
  9 slime creatures
  2 shadows
  2 wraiths
  A wyvern (D:9)
  15 yaks
  5 hogs
  17 humans (D:13)
  A steam dragon (D:10)
  A warg (D:12)
  An acid dragon (D:9)
  A water moccasin (D:10)
  Duvessa (D:7)
  5 orc warriors
  3 black bears
  An ice beast (D:7)
  An ogre (D:4)
  9 centaurs
  A phantom (D:6)
  2 kobold brigands (D:12)
  4 bullfrogs
  A gnoll sergeant (D:9)
  4 scorpions
  18 wights
  Dowan (D:7)
  15 killer bees
  6 howler monkeys
  A bombardier beetle (D:6)
  4 hounds
  A jelly (D:6)
  A gnoll bouda (D:6)
  7 orc priests
  2 iguanas
  8 orc wizards
  13 gnolls
  6 adders
  2 shadow imps
  A white imp (D:6)
  2 ufetubi (D:6)
  5 dart slugs
  A ribbon worm (D:2)
  32 orcs
  6 ball pythons
  8 endoplasms
  A giant cockroach (D:3)
  3 goblins
  6 hobgoblins
  2 jackals (D:1)
  A quokka (D:1)
  9 bats
  4 frilled lizards
  7 kobolds
  8 rats
309 creatures vanquished.

Vanquished Creatures (others)
  A yak (D:11)
1 creature vanquished.

Grand Total: 310 creatures vanquished

Table legend:
 A = Non-vault XP
 B = Vault XP
 C = Vault XP percentage of total XP
 D = Non-vault monster count
 E = Vault monster count
 F = Vault count percentage of total count
                 A         B        C        D         E       F
            +---------+---------+-------+---------+---------+-------
      Total |   26288 |   17161 |  39.5 |     251 |      58 |  18.8
            +---------+---------+-------+---------+---------+-------
        D:1 |      31 |       0 |   0.0 |      18 |       0 |   0.0
        D:2 |      36 |       8 |  18.2 |      14 |       4 |  22.2
        D:3 |      22 |      11 |  33.3 |      10 |       5 |  33.3
        D:4 |     345 |       0 |   0.0 |      19 |       0 |   0.0
        D:5 |     356 |       0 |   0.0 |      19 |       0 |   0.0
        D:6 |     828 |       0 |   0.0 |      27 |       0 |   0.0
        D:7 |     481 |     211 |  30.5 |       7 |       2 |  22.2
        D:8 |    1769 |     291 |  14.1 |      29 |       1 |   3.3
        D:9 |    1513 |      63 |   4.0 |      19 |       1 |   5.0
       D:10 |    3262 |    1543 |  32.1 |      31 |       9 |  22.5
       D:11 |    3711 |       0 |   0.0 |      17 |       0 |   0.0
       D:12 |    3750 |    4468 |  54.4 |      18 |      10 |  35.7
       D:13 |    5704 |    8679 |  60.3 |      13 |      25 |  65.8
       D:14 |    4480 |    1887 |  29.6 |      10 |       1 |   9.1
            +---------+---------+-------+---------+---------+-------

Skill      XL: |  1  2  3  4  5  6  7  8  9 10 11 12 13 |
---------------+----------------------------------------+-----
Ranged Weapons | 4 5 6 8 9 11 12 14 | 14.6
Fighting       | 3 4 5 6 8 10 11 13 | 13.3
Armour         | 3 7 8 |  8.2
Dodging        | 2 4 |  4.9
Stealth        | |  0.7

Action                     |  1- 3 |  4- 6 |  7- 9 | 10-12 | 13-15 || total
---------------------------+-------+-------+-------+-------+-------++-------
   Fire: Sling             |   172 |   140 |   179 |   351 |    95 ||   937
         Hand cannon       |       |       |   129 |   351 |    95 ||   575
 Invoke: Curse Item        |       |       |       |     4 |       ||     4
         Shatter the Chain |       |       |       |       |     1 ||     1
    Use: Scroll            |       |    14 |     6 |     4 |     2 ||    26
         Potion            |       |       |       |     3 |     2 ||     5
 Armour: Leather armour    |    10 |     6 |    24 |     5 |       ||    45
         Plate armour      |       |    12 |       |       |       ||    12
         Acid dragon scale |       |       |       |    39 |       ||    39
         Troll leather arm |       |       |       |   117 |    27 ||   144
  Dodge: Dodged            |    15 |    12 |    10 |    95 |    22 ||   154

Illustrated notes

Table legend:
 A = Kills in this place as a percentage of kills in the entire game.
 B = Kills by you in this place as a percentage of kills by you in the entire game.
 C = Kills by friends in this place as a percentage of kills by friends in the entire game.
 D = Other kills in this place as a percentage of other kills in the entire game.
 E = Experience gained in this place as a percentage of experience gained in the entire game.
 F = Experience gained in this place divided by the number of levels of this place that you have seen.
                   A       B       C       D       E      F
               +-------+-------+-------+-------+-------+----------------------
         Total | 100.0 | 100.0 |   N/A | 100.0 | 100.0 | 2896.6
       Dungeon | 100.0 | 100.0 |   N/A | 100.0 | 100.0 | 3103.5
               +-------+-------+-------+-------+-------+----------------------

Table legend: (Time is in decaauts)
 A = Elapsed time spent in this place.
 B = Non-inter-level travel time spent in this place.
 C = Inter-level travel time spent in this place.
 D = Time resting spent in this place.
 E = Time spent auto-exploring this place.
 F = Levels seen in this place.
 G = Mean time per level.
                   A        B        C        D        E       F      G
               +--------+--------+--------+--------+--------+-----+--------+
         Total |  12056 |  11419 |    637 |    447 |   9337 |  15 |  803.7 |
       Dungeon |  12012 |  11382 |    630 |    447 |   9337 |  14 |  858.0 |
        Temple |     43 |     36 |      7 |      0 |      0 |   1 |   43.0 |
               +--------+--------+--------+--------+--------+-----+--------+

Top non-repeatable levels by time:
    D:13: 1316 daAuts
     D:3: 1057 daAuts
     D:4: 1029 daAuts
     D:2: 997 daAuts
     D:9: 992 daAuts
     D:6: 947 daAuts
    D:11: 945 daAuts
    D:12: 911 daAuts
    D:10: 777 daAuts
     D:1: 770 daAuts
     D:8: 764 daAuts
     D:5: 691 daAuts
     D:7: 497 daAuts
    D:14: 314 daAuts
  Temple: 43 daAuts
